 Dungeon Crawl Stone Soup version 0.17-a0-146-gd505748 (webtiles) character file.

6033 Ngotmuk the Basher (level 10, -8/91 HPs)
             Began as a Minotaur Fighter on Mar 25, 2015.
             Was an Elder of Cheibriados.
             Hit by a large rock thrown by a stone giant (27 damage)
             ... on level 8 of the Dungeon.
             The game lasted 00:20:23 (8641 turns).

Ngotmuk the Basher (Minotaur Fighter)               Turns: 8641, Time: 00:20:24

Health: -8/91      AC: 14    Str: 34    XL:     10   Next: 56%
Magic:  4/4        EV:  8    Int: 14    God:    Cheibriados [****..]
Gold:   617        SH: 13    Dex: 18    Spells: 0 memorised, 9 levels left

rFire  . . .     SeeInvis .     v - +2 mace (holy)
rCold  . . .     Clarity  .     x - +0 chain mail {rN+}
rNeg   + . .     SustAb   .     c - +0 shield (curse)
rPois  .         Gourm    .     (helmet restricted)
rElec  .         Spirit   .     o - +0 cloak
rCorr  .         Warding  .     (no gloves)
rMut   .         Stasis   .     g - +0 pair of boots
MR     +....                    (no amulet)
Stlth  ..........               l - ring of protection from magic
                                (no ring)

@: very slow, somewhat resistant to hostile enchantments, extremely unstealthy
A: retaliatory headbutt, horns 2, blurry vision 2
a: Bend Time, Temporal Distortion, Slouch, Renounce Religion


You were on level 8 of the Dungeon.
You worshipped Cheibriados.
Cheibriados was greatly pleased with you.
You were not hungry.

You visited 2 branches of the dungeon, and saw 9 of its levels.

You collected 617 gold pieces.

Inventory:

Hand weapons
 v - a +2 mace of holy wrath (weapon)
Armour
 c - a cursed +0 shield (worn)
 g - a +0 pair of boots (worn)
 o - a +0 cloak (worn)
 x - a +0 chain mail of positive energy (worn)
Jewellery
 l - a ring of protection from magic (right hand)
Scrolls
 a - 4 scrolls of enchant armour
 m - a scroll of amnesia
 u - 6 scrolls of identify
 y - 2 scrolls of fog
 B - a scroll of enchant weapon {unknown}
 C - 2 scrolls of recharging {unknown}
 F - 3 scrolls of immolation {unknown}
Potions
 e - 2 potions of might
 f - 2 potions of mutation {unknown}
 i - 6 potions of curing {unknown}
 j - a potion of degeneration {unknown}
 k - a potion of lignification {unknown}
 n - 4 potions of agility {unknown}
 p - a potion of cancellation {unknown}
 q - a potion of cure mutation {unknown}
 r - 2 potions of brilliance
 t - 3 potions of restore abilities {unknown}
 w - 2 potions of ambrosia {unknown}
 z - a potion of heal wounds
 A - a potion of invisibility {unknown}
 D - a potion of haste {unknown}
Books
 h - a book of Spatial Translocations

   Spells                             Type                      Level
   a - Apportation                    Translocation                1
   b - Blink                          Translocation                2
   c - Shroud of Golubria             Charms/Translocation         2
   d - Portal Projectile              Translocation                3
   e - Teleport Other                 Translocation                3
   f - Passage of Golubria            Translocation                4
 s - a book of Enchantments

   Spells                             Type                      Level
   a - Tukima's Dance                 Hexes                        3
   b - Cause Fear                     Hexes                        4
   c - Silence                        Hexes/Air                    5
   d - Deflect Missiles               Charms/Air                   6
   e - Haste                          Charms                       6
   f - Discord                        Hexes                        8
Comestibles
 d - 4 bread rations
 E - 3 beef jerkies
 G - 7 slices of pizza


   Skills:
 + Level 9.4 Fighting
 * Level 12.0 Maces & Flails
 + Level 9.7 Armour
 + Level 9.0 Shields


You had 9 spell levels left.
You didn't know any spells.

Dungeon Overview and Level Annotations

Branches:
Dungeon (8/15)             Temple (1/1) D:5
   Lair: D:8-11

Altars:
Ashenzari
Cheibriados
Dithmenos
Elyvilon
Fedhas
Gozag
Kikubaaqudgha
Makhleb
Nemelex Xobeh
Okawaru
Qazlal
Sif Muna
Trog
Vehumet
Xom
Yredelemnul
Zin
The Shining One


Innate Abilities, Weirdness & Mutations

You reflexively headbutt those who attack you in melee.
You have a pair of horns on your head.
Scrolls take you longer to read.


Message History

Cheibriados thoroughly appreciates the change of pace.
You see here a gnoll corpse.
Things that are here:
a club; a gnoll corpse You see here a gnoll corpse.
You see here a spear.
Found a glowing silver altar of Zin.
A stone giant comes into view.
The stone giant shouts!
The stone giant throws a large rock.
You block the large rock.
The stone giant throws a large rock.
The large rock hits you!!
* * * LOW HITPOINT WARNING * * *
Found a radiant altar of Vehumet.
You see here 2 large rocks.
You see here a gnoll corpse.
Things that are here:
a club; a gnoll corpse You see here a gnoll corpse.
The stone giant throws a large rock.
The large rock hits you!!
You die...

###.....+.....#.................#
##......#.....#.........#....#..#
....#...#....##.........#........
...##...#...............#........
........'......######..##........
........#.....(#⌠...##.##...._...
........#...8'8#C._..#..#........
........#...#.######C#..#.......#
........+...#..'@†)†.#..#......##
........#...#..'..)..#..'.....##
............#(######.#†########
##########..8)8#.._..#.#
#.....#⌠...##.# #.....######.)#
#.............# #.......#######
#########


You could see a stone giant.

Vanquished Creatures
  A great orb of eyes (D:8)
  A centaur warrior (D:8)
  Grinder (D:5)
  A human (D:7)
  2 hippogriffs
  Menkaure (D:5)
  2 water moccasins (D:7)
  3 orc warriors (D:8)
  2 black bears
  A sky beast (D:8)
  A necrophage (D:7)
  5 ogres
  A wasp (D:8)
  A phantom (D:4)
  2 ice beasts
  4 centaurs
  5 giant frogs
  2 scorpions
  4 killer bees (D:7)
  A goliath beetle (D:8)
  6 hounds
  5 crimson imps
  6 orc wizards
  3 jellies
  3 iguanas (D:8)
  2 orc priests (D:7)
  3 centaur skeletons
  2 giant frog skeletons
  4 worker ants
  4 sheep (D:7)
  Jessica (D:2)
  A hound skeleton (D:4)
  2 worker ant zombies (D:5)
  16 adders
  6 gnolls (D:8)
  A worm (D:2)
  A giant mite (D:2)
  A shadow imp (D:7)
  An adder skeleton (D:7)
  An ooze (D:2)
  28 orcs
  2 ball pythons (D:5)
  A bat skeleton (D:6)
  A bat zombie (D:8)
  11 goblins
  14 hobgoblins
  9 bats
  6 giant cockroaches
  6 giant geckos
  A giant gecko skeleton (D:6)
  4 giant newts
  A jackal zombie (D:5)
  17 kobolds
  5 quokkas
  12 rats
  4 ballistomycetes (D:8)
232 creatures vanquished.

Vanquished Creatures (others)
  An adder (D:8)
  A giant spore (D:8)
2 creatures vanquished.

Grand Total: 234 creatures vanquished

Notes
Turn   | Place    | Note
--------------------------------------------------------------
     0 | D:1      | Ngotmuk, the Minotaur Fighter, began the quest for the Orb.
     0 | D:1      | Reached XP level 1. HP: 19/19 MP: 1/1
   228 | D:1      | Reached XP level 2. HP: 24/27 MP: 1/1
  1002 | D:2      | Reached skill level 4 in Fighting
  1021 | D:2      | Reached XP level 3. HP: 26/33 MP: 2/2
  1361 | D:2      | Noticed Jessica
  1368 | D:2      | Killed Jessica
  1368 | D:2      | Reached XP level 4. HP: 19/40 MP: 2/2
  2081 | D:3      | Reached XP level 5. HP: 26/46 MP: 2/2
  2406 | D:4      | Noticed a phantom
  2440 | D:4      | Killed a phantom
  2440 | D:4      | Reached skill level 5 in Maces & Flails
  2664 | D:4      | Found a basalt altar of Yredelemnul.
  2698 | D:4      | Noticed an ogre
  2710 | D:4      | Killed an ogre
  2710 | D:4      | Reached skill level 5 in Armour
  2710 | D:4      | Reached XP level 6. HP: 11/55 MP: 3/3
  3577 | D:5      | Entered Level 5 of the Dungeon
  3577 | D:5      | Noticed Grinder
  3586 | D:5      | Killed Grinder
  3586 | D:5      | Reached skill level 5 in Fighting
  3586 | D:5      | Reached skill level 6 in Maces & Flails
  3586 | D:5      | Reached skill level 5 in Shields
  3586 | D:5      | Reached XP level 7. HP: 41/61 MP: 3/3
  3913 | D:5      | Noticed a hippogriff
  3934 | D:5      | Killed a hippogriff
  3988 | D:5      | Noticed Menkaure
  3991 | D:5      | Reached skill level 7 in Maces & Flails
  3993 | D:5      | Killed Menkaure
  4004 | D:5      | Got a shimmering whip
  4005 | D:5      | Identified the +7 whip "Shrympa" {speed, rElec Int+5} (You found it on level 5 of the Dungeon)
  4266 | D:5      | Found a staircase to the Ecumenical Temple.
  4350 | D:5      | Reached XP level 8. HP: 70/70 MP: 3/3
  4974 | D:6      | Reached skill level 8 in Maces & Flails
  5045 | D:6      | Found a sparkling altar of Nemelex Xobeh.
  5091 | Temple   | Entered the Ecumenical Temple
  5267 | Temple   | Became a worshipper of Cheibriados the Contemplative
  5755 | D:6      | Found a stormy altar of Qazlal.
  5837 | D:6      | Got a distressingly furry robe
  5848 | D:6      | Identified the +1 robe "Phunax" {rN+ rCorr Str-4} (You found it on level 6 of the Dungeon)
  5929 | D:6      | Found a burning altar of Makhleb.
  5932 | D:6      | Found a glowing silver altar of Zin.
  5933 | D:6      | Noticed an angel
  5933 | D:6      | Noticed a blizzard demon
  6010 | D:6      | Reached skill level 9 in Maces & Flails
  6104 | D:7      | Reached XP level 9. HP: 77/79 MP: 4/4
  6223 | D:7      | Acquired Cheibriados' first power
  6818 | D:7      | Reached skill level 10 in Maces & Flails
  7581 | D:8      | Acquired Cheibriados' second power
  7736 | D:8      | Noticed a centaur warrior
  7743 | D:8      | Reached XP level 10. HP: 74/90 MP: 4/4
  7756 | D:8      | Reached skill level 11 in Maces & Flails
  7760 | D:8      | Killed a centaur warrior
  7768 | D:8      | Gained mutation: Scrolls take you a little longer to read. [mutagenic meat]
  7769 | D:8      | Gained mutation: Scrolls take you longer to read. [mutagenic meat]
  7981 | D:8      | Paralysed by a wasp for 3 turns
  7997 | D:8      | Found a white marble altar of Elyvilon.
  8006 | D:8      | Found a shadowy altar of Dithmenos.
  8051 | D:8      | Found a large runed door.
  8052 | D:8      | Found a large runed door.
  8131 | D:8      | Acquired Cheibriados' third power
  8221 | D:8      | Found a deep blue altar of Sif Muna.
  8611 | D:8      | Noticed a great orb of eyes
  8622 | D:8      | Killed a great orb of eyes
  8622 | D:8      | Reached skill level 12 in Maces & Flails
  8634 | D:8      | Found a glowing silver altar of Zin.
  8637 | D:8      | Found a radiant altar of Vehumet.
  8637 | D:8      | Noticed a stone giant
  8641 | D:8      | Hit by a large rock thrown by a stone giant

Action                   |  1- 3 |  4- 6 |  7- 9 | 10-12 || total
-------------------------+-------+-------+-------+-------++-------
Melee: Flail             |    85 |   142 |    42 |       ||   269
       Whip              |       |       |    67 |       ||    67
       Mace              |       |       |   227 |   109 ||   336
       Unarmed           |       |       |    20 |       ||    20
  Use: Scroll            |       |     1 |     5 |       ||     6
       Potion            |       |       |     1 |       ||     1
 Stab: Fleeing           |       |       |     1 |       ||     1
  Eat: Fruit             |     2 |       |       |     5 ||     7
       Meat ration       |       |     1 |     1 |       ||     2
       Bread ration      |       |     1 |       |       ||     1
       Beef jerky        |       |     1 |       |       ||     1
       Royal jelly       |       |       |     1 |       ||     1
       Chunk             |       |       |       |     2 ||     2
